 Dungeon Crawl Stone Soup version 0.24.0-125-gc4c63601f3 (webtiles) character file.

Game seed: 1947664708004017118, levelgen mode: deterministic

189 Frank2 the Cudgeler (level 5, -1/40 HPs)
             Began as a Demonspawn Gladiator on Mar 18, 2020.
             Was an Initiate of Fedhas.
             Slain by an orc
             ... wielding a +0 flail
              (4 damage)
             ... on level 3 of the Dungeon.
             The game lasted 00:03:28 (3000 turns).

Frank2 the Cudgeler (Demonspawn Gladiator)          Turns: 3000, Time: 00:03:28

Health: -1/40      AC:  7    Str: 15    XL:     5   Next: 40%
Magic:  5/5        EV: 12    Int:  9    God:    Fedhas [......]
Gold:   174        SH:  0    Dex: 15    Spells: 4/4 levels left

rFire    + . .     SeeInvis .   i - +0 morningstar
rCold    . . .     Gourm    .   (no shield)
rNeg     . . .     Faith    .   h - +1 ring mail
rPois    .         Spirit   .   (helmet restricted)
rElec    .         Reflect  .   (no cloak)
rCorr    .         Harm     .   m - +0 pair of gloves
MR       .....                  (no boots)
Stlth    +.........             (no amulet)
HPRegen  0.13/turn              (no ring)
MPRegen  0.09/turn              (no ring)

@: lethally poisoned (-1 -> -32)
A: horns 1, fire resistance 1, powered by death 1
a: Renounce Religion


You were on level 3 of the Dungeon.
You worshipped Fedhas.
Fedhas was noncommittal.
You were near starving.

You visited 1 branch of the dungeon, and saw 3 of its levels.

You collected 174 gold pieces.

Inventory:

Hand Weapons
 a - a +0 flail
 i - a +0 morningstar (weapon)
Missiles
 d - 3 throwing nets (quivered)
Armour
 h - a +1 ring mail (worn)
 m - a +0 pair of gloves (worn)
Jewellery
 g - an uncursed ring of ice
 q - a cursed -5 ring of intelligence {unknown}
 r - an uncursed ring of ice
Wands
 l - a wand of acid (6)
Scrolls
 b - a scroll of identify
 n - a scroll of immolation
 o - a scroll of amnesia {unknown}
 s - a scroll of fear {unknown}
 t - a scroll of teleportation {unknown}
Potions
 c - 2 potions of curing {unknown}
 e - a potion of haste {unknown}
 j - 2 potions of ambrosia {unknown}
 k - 2 potions of degeneration {unknown}
 p - a potion of brilliance {unknown}
Comestibles
 f - 4 rations


   Skills:
 + Level 2.9 Fighting
 + Level 4.1 Maces & Flails
 - Level 1.7 Throwing
 + Level 1.8 Armour
 + Level 3.4 Dodging


You had 4 spell levels left.
You didn't know any spells.
Your spell library was empty.

Dungeon Overview and Level Annotations

Branches:
Dungeon (3/15)

Altars:
Dithmenos
Fedhas
Nemelex Xobeh
Trog
Uskayaw
The Shining One


Innate Abilities, Weirdness & Mutations

You have a pair of small horns on your head.
Your flesh is heat resistant. (rF+)
You regenerate a little health from kills.


Message History

* * * LOW HITPOINT WARNING * * *
You feel sick. The orc hits you with a +0 whip.
* * * LOW HITPOINT WARNING * * *
The orc misses you.
The orc wizard hits you but does no damage.
You are more poisoned.
The orc wizard barely misses you. The orc misses you.
You sock the orc wizard!
The orc wizard is almost dead.
* * * LOW HITPOINT WARNING * * *
You feel sick. The orc hits you but does no damage.
The orc wizard miscasts a cantrip.
The orc wizard casts a spell at you.
The puff of frost hits you but does no damage.
The orc hits you but does no damage.
The orc wizard hits you but does no damage.
You are more poisoned.
The orc hits you with a +0 flail.
You die...
Fedhas appreciates your contribution to the ecosystem.

###'#######..<.. #######
#.........#..... #.....#
#....####....... #.....#
#..(.##.........
#.....####....##._...[..#
#.......###........[....#
#.....#.###........⌠....#
#......oo.'...+.........#
#......o@.#...#......_..#
#......o..#...#.........#
#.....#..##...#.........#
#...>.....#...####.....##
#......#..##### #.......
#........÷# #.......
#.....###.# #...##..
######* *.#***** #...##..
*******..,,,,* #...##..


You could see 2 orc wizards and 2 orcs.

Vanquished Creatures
  2 orc wizards (D:3)
  A bullfrog skeleton (D:3)
  4 adders
  An ooze (D:2)
  A worm (D:2)
  A dart slug (D:1)
  A leopard gecko (D:1)
  6 orcs (D:3)
  2 giant cockroaches (D:1)
  7 goblins
  4 hobgoblins
  9 kobolds
  2 quokkas (D:2)
  9 bats
  2 frilled lizards
  4 rats
56 creatures vanquished.

Notes
Turn   | Place    | Note
-------+----------+-------------------------------------------
     0 | D:1      | Frank2 the Demonspawn Gladiator began the quest for the
                  | Orb.
     0 | D:1      | Reached XP level 1. HP: 16/16 MP: 1/1
   490 | D:1      | Gained mutation: You have a pair of small horns on your
                  | head. [demonic ancestry]
   490 | D:1      | Reached XP level 2. HP: 22/22 MP: 2/2
   609 | D:1      | Reached skill level 3 in Maces & Flails
  1191 | D:2      | Reached XP level 3. HP: 25/28 MP: 3/3
  1290 | D:2      | Found a sparkling altar of Nemelex Xobeh.
  1631 | D:2      | Found a blossoming altar of Fedhas.
  1632 | D:2      | Found a hide-covered altar of Uskayaw.
  1640 | D:2      | Became a worshipper of Fedhas Madash
  1959 | D:3      | Reached skill level 1 in Armour
  1959 | D:3      | Gained mutation: You regenerate a little health from kills.
                  | [demonic ancestry]
  1959 | D:3      | Reached XP level 4. HP: 23/34 MP: 4/4
  1985 | D:3      | Found a shadowy altar of Dithmenos.
  1995 | D:3      | Found a glowing golden altar of the Shining One.
  2119 | D:3      | Reached skill level 4 in Maces & Flails
  2119 | D:3      | Gained mutation: Your flesh is heat resistant. (rF+)
                  | [demonic ancestry]
  2119 | D:3      | Reached XP level 5. HP: 15/40 MP: 5/5
  2444 | D:3      | Found a bloodstained altar of Trog.
  3000 | D:3      | Slain by an orc

Levels and vault maps discovered:
D:1:      psy_arrival_spokes, layout_loops_corners,
          minmay_misc_feat_four_crosses
D:2:      layout_loops_ring, gammafunk_temple_overflow_pools,
          lemuel_coloured_pillars_altar
D:3:      layout_basic, grunt_temple_overflow_open, bloody_trog

Skill      XL: |  1  2  3  4 |
---------------+-------------+-----
Dodging        | 3 |  3.4
Maces & Flails | 3 4 |  4.1
Armour         | 1 |  1.8
Fighting       | |  2.9
Throwing       | |  1.7

Action                   |  1- 3 |  4- 6 || total
-------------------------+-------+-------++-------
Melee: Flail             |   119 |    30 ||   149
       Headbutt          |    17 |    15 ||    32
       Morningstar       |       |    43 ||    43
  Use: Scroll            |     2 |     5 ||     7
  Eat: Chunk             |     3 |     2 ||     5
Armor: Leather armour    |     8 |       ||     8
       Ring mail         |    42 |    45 ||    87
Dodge: Dodged            |    82 |    66 ||   148
